 Dungeon Crawl Stone Soup version 0.26-a0-540-g8a0c9464d7 (webtiles) character file.

Game seed: 8346693726388161768

37 HammerPanzer the Skirmisher (level 3, -5/29 HPs)
             Began as a Demonspawn Abyssal Knight on Aug 18, 2020.
             Was a Believer of Lugonu.
             Killed by divine providence
             ... invoked by an orc priest
              (17 damage)
             ... on level 3 of the Dungeon.
             The game lasted 00:04:01 (1053 turns).

HammerPanzer the Skirmisher (DsAK)                  Turns: 1053, Time: 00:04:02

Health: -5/29      AC: 16    Str: 12    XL:     3   Next: 21%
Magic:  5/5        EV: -2    Int: 14    God:    Lugonu [**....]
Gold:   118        SH:  5    Dex: 12    Spells: 2/2 levels left

rFire    . . .     SeeInvis .   a - +1 mace
rCold    . . .     Faith    .   i - +2 buckler
rNeg     . . .     Spirit   .   h - +0 crystal plate armour
rPois    .         Reflect  .   (no helmet)
rElec    .         Harm     .   k - +0 cloak
rCorr    .                      (no gloves)
MR       .....                  (no boots)
Stlth    ..........             (no amulet)
HPRegen  0.09/turn              (no ring)
MPRegen  0.09/turn              (no ring)

@: no status effects
A: powered by death 1
a: Depart the Abyss, Bend Space, Renounce Religion


You were on level 3 of the Dungeon.
You worshipped Lugonu.
Lugonu was pleased with you.
You visited 1 branch of the dungeon, and saw 3 of its levels.
You visited the Abyss 1 time.

You collected 118 gold pieces.

Inventory:

Hand Weapons
 a - a +1 mace (weapon)
Armour
 h - a +0 crystal plate armour (worn)
 i - a +2 buckler (worn)
 k - a +0 cloak (worn)
Scrolls
 d - a scroll of magic mapping {unknown}
 e - a scroll of teleportation {unknown}
 f - a scroll of blinking {unknown}
 g - 2 scrolls of identify {unknown}
 l - a scroll of amnesia {unknown}
Potions
 b - 2 potions of magic {unknown}
 c - a potion of invisibility {unknown}
 j - a potion of haste {unknown}


   Skills:
 + Level 3.2 Fighting
 * Level 2.5 Maces & Flails
 + Level 2.1 Armour
 - Level 0.8 Dodging
 + Level 3.1 Invocations


You had 2 spell levels left.
You didn't know any spells.
Your spell library was empty.

Dungeon Overview and Level Annotations

Branches:
Dungeon (2/15)

Altars:
Uskayaw
Vehumet

Annotations:
D:2 Robin


Innate Abilities, Weirdness & Mutations

You regenerate a little health from kills.


Message History

The orc hits you with a +0 club.
You hit the worm.
The worm is moderately wounded.
The quokka bites you but does no damage.
The orc hits you but does no damage. You block the worm's attack.
The orc hits you but does no damage. The quokka bites you.
You hit the worm but do no damage.
The worm is lightly wounded.
The quokka bites you but does no damage.
The orc hits you but does no damage. x2; You block the worm's attack.
The orc priest looks braver for a moment.
You hit the worm.
The worm is heavily wounded.
The quokka bites you but does no damage.
The orc hits you but does no damage.
The quokka bites you but does no damage.
The orc priest calls down the wrath of Beogh upon you.
Beogh smites you!
Ouch! That really hurt!
You die...

.. #.# ...### ....#
#oo.#### oooo..##
#ooo..)# #@## #rw##
..###K.############
..........$.........
.K............#####
.r.######.....# ?.
####..# . #....
#.....


You could see a worm, an orc priest, 8 orcs, a quokka and a kobold.

Vanquished Creatures
  A worm (D:2)
  A dart slug (D:1)
  A ball python (D:3)
  3 bats
  3 giant cockroaches
  9 goblins
  3 hobgoblins
  3 kobolds
  A quokka (D:2)
  A leopard gecko skeleton (D:2)
  3 rats
29 creatures vanquished.

Notes
Turn   | Place    | Note
-------+----------+-------------------------------------------
     0 | Abyss:1  | HammerPanzer the Demonspawn Abyssal Knight began the quest
                  | for the Orb.
     0 | Abyss:1  | Reached XP level 1. HP: 18/18 MP: 2/2
    49 | D:1      | Escaped the Abyss
   508 | D:1      | Gained mutation: You regenerate a little health from kills.
                  | [demonic ancestry]
   508 | D:1      | Reached XP level 2. HP: 24/24 MP: 4/4
   860 | D:2      | Noticed Robin
   944 | D:2      | Reached ** piety under Lugonu
   944 | D:2      | Reached XP level 3. HP: 29/29 MP: 5/5
  1022 | D:2      | Found a radiant altar of Vehumet.
  1022 | D:2      | Found a hide-covered altar of Uskayaw.
  1033 | D:2      | You fall into a shaft and drop 1 floor!
  1053 | D:3      | Killed from afar by an orc priest

Illustrated notes

Levels and vault maps discovered:
D:1:      dpeg_arrival_simpleton_c, layout_basic
D:2:      layout_rooms, lemuel_doored_altar, fedhas_altar_fruit_tree,
          grunt_temple_overflow_open, hangedman_feature_mirror, uniq_robin
D:3:      layout_rooms, uniq_grinder

Skill      XL: |  1  2 |
---------------+-------+-----
Maces & Flails | 2 |  2.5
Armour         | 2 |  2.1
Invocations    | 3 |  3.1
Fighting       | |  3.2
Dodging        | |  0.8

Action                   || total
-------------------------++-------
Melee: Mace              ||   106
Armor: Crystal plate arm ||   116
       Leather armour    ||     1
Dodge: Dodged            ||     9
Block: Buckler           ||    27

Table legend: (Time is in decaauts)
 A = Elapsed time spent in this place.
 B = Non-inter-level travel time spent in this place.
 C = Inter-level travel time spent in this place.
 D = Time resting spent in this place.
 E = Time spent auto-exploring this place.
 F = Levels seen in this place.
 G = Mean time per level.
                   A        B        C        D        E       F      G
               +--------+--------+--------+--------+--------+-----+--------+
         Total |   1087 |   1032 |     55 |     26 |    622 |   4 |  271.8 |
       Dungeon |   1038 |    983 |     55 |     26 |    589 |   3 |  346.0 |
         Abyss |     49 |     49 |      0 |      0 |     33 |   1 |   49.0 |
               +--------+--------+--------+--------+--------+-----+--------+

Top non-repeatable levels by time:
     D:1: 764 daAuts
     D:2: 251 daAuts
 Abyss:1: 49 daAuts
     D:3: 23 daAuts
